 Dungeon Crawl Stone Soup version 0.26.1-10-gdfb7c7de75 (webtiles) character file.

Game seed: 9212104423843514692

249 cyberpod32 the Cudgeller (level 5, -5/53 HPs)
             Began as a Troll Fighter on Apr 1, 2021.
             Killed from afar by Natasha (6 damage)
             ... with a magic dart
             ... on level 3 of the Dungeon.
             The game lasted 00:17:04 (1853 turns).

cyberpod32 the Cudgeller (Troll Fighter)            Turns: 1853, Time: 00:17:05

Health: -5/53      AC:  7    Str: 25    XL:     5   Next: 87%
Magic:  13/13      EV:  9    Int:  4    God:
Gold:   98         SH:  9    Dex:  9    Spells: 4/4 levels left

rFire    . . .     SeeInvis .   t - +0 flail
rCold    . . .     Faith    .   c - +0 kite shield
rNeg     . . .     Spirit   .   n - +0 robe
rPois    .         Reflect  .   (helmet restricted)
rElec    .         Harm     .   e - +0 cloak
rCorr    .         Rampage  .   (gloves unavailable)
Will     .....                  (boots unavailable)
Stlth    +.........             (no amulet)
HPRegen  0.57/turn              q - ring of magical power
MPRegen  0.13/turn              (no ring)

@: slowed, very slow
A: large, unfitting armour, claws 3, regeneration 1, shaggy fur 1, tough skin 3
a: no special abilities


You were on level 3 of the Dungeon.
You visited 1 branch of the dungeon, and saw 3 of its levels.

You collected 98 gold pieces.

Inventory:

Hand Weapons
 a - a +0 flail
 b - a +0 quarterstaff
 t - a +0 flail (weapon)
Armour
 c - a +0 kite shield (worn)
 e - a +0 cloak (worn)
 n - a +0 robe (worn)
 r - a +2 buckler of fire resistance
 s - a cursed -2 pair of boots
Jewellery
 q - a ring of magical power (left claw)
Scrolls
 f - a scroll of remove curse {unknown}
 k - a scroll of fear {unknown}
 l - a scroll of immolation {unknown}
 m - 2 scrolls of blinking {unknown}
 o - 2 scrolls of magic mapping {unknown}
 p - 3 scrolls of teleportation {unknown}
 u - a scroll of random uselessness {unknown}
Potions
 d - a potion of might
 h - a potion of haste
 i - a potion of attraction


   Skills:
 + Level 3.0 Fighting
 + Level 3.7 Maces & Flails
 + Level 3.4 Dodging
 + Level 3.3 Shields


You had 4 spell levels left.
You didn't know any spells.
Your spell library was empty.

Dungeon Overview and Level Annotations

Branches:
Dungeon (3/15)

Altars:
Sif Muna
The Shining One

Annotations:
D:3 Natasha


Innate Abilities, Weirdness & Mutations

You are too large for most types of armour.
You have claws for hands.
Your natural rate of healing is unusually fast.
You are covered in fur. (AC +1)
You have extremely tough skin. (AC +3)


Message History

Natasha is almost dead.
Natasha claws you. Natasha closely misses you.
You barely miss Natasha.
Natasha is almost dead.
Natasha closely misses you. You block Natasha's attack.
Your shield prevents you from hitting Natasha.
Natasha is almost dead.
Natasha stares at you and mumbles some strange words.
The magic dart hits you. Natasha barely misses you.
You miss Natasha.
Natasha is almost dead.
Natasha claws you!
* * * LOW HITPOINT WARNING * * *
Natasha claws you.
* * * LOW HITPOINT WARNING * * *
Natasha claws you.
* * * LOW HITPOINT WARNING * * *
Natasha casts a spell at you. The magic dart hits you.
You die...

..........#
§§######.##
.....####.#
#§#§##..o... .....#
#.## §§ §§........
.....####..## .
§#§#.......
#.#..#......# .#.
##......
....##......######+..
#...o..
#.#.##.............#
####'##
....##...#.........#
#.#
#.####...#......@..#
#<# ...#
#...#...†.h...# ###
#.## #####...$.....#
...# ###..####.# #.##
##.# .# ...# ... .#
#.## ..... # ###
....... #........


You could see Natasha.

Vanquished Creatures
  An orc priest (D:3)
  An orc wizard (D:2)
  Jessica (D:2)
  Natasha (D:3)
  8 adders
  2 oozes (D:2)
  A dart slug (D:2)
  A leopard gecko (D:3)
  8 orcs
  A ball python (D:3)
  7 bats
  5 giant cockroaches
  5 goblins (D:2)
  6 hobgoblins
  2 kobolds
  2 frilled lizards (D:2)
  2 rats (D:1)
54 creatures vanquished.

Notes
Turn   | Place    | Note
-------+----------+-------------------------------------------
     0 | D:1      | cyberpod32 the Troll Fighter began the quest for the Orb.
     0 | D:1      | Reached XP level 1. HP: 22/22 MP: 0/0
   189 | D:1      | Reached XP level 2. HP: 29/29 MP: 1/1
   577 | D:2      | Noticed Jessica
   603 | D:2      | Killed Jessica
   604 | D:2      | Reached XP level 3. HP: 32/36 MP: 2/2
   635 | D:2      | Reached XP level 4. HP: 30/44 MP: 3/3
   748 | D:2      | Found a glowing golden altar of the Shining One.
  1432 | D:3      | Reached XP level 5. HP: 28/52 MP: 4/4
  1682 | D:3      | Noticed Natasha
  1685 | D:3      | Killed Natasha
  1782 | D:3      | Found a shimmering blue altar of Sif Muna.
  1825 | D:3      | Noticed Natasha
  1853 | D:3      | HP: 1/53 [Natasha (5)]
  1853 | D:3      | Killed from afar by Natasha

Illustrated notes

Levels and vault maps discovered:
D:1:      minmay_arrival_solitary_statue, layout_basic, hex_intersection
D:2:      layout_loops_ring, tso_metal_star, st_stairs_6, uniq_jessica
D:3:      layout_basic, grunt_dithmenos_smoke_and_mirrors,
          overflow_temple_1_default, xom_butterflies, gup_sewer_entry_bubbles,
          st_stairs_10, uniq_natasha

Skill      XL: |  1  2  3  4  5 |
---------------+----------------+-----
Maces & Flails | 2 3 |  3.7
Dodging        | 3 |  3.4
Shields        | 3 |  3.3
Fighting       | 3 |  3.0

Action                   |  1- 3 |  4- 6 || total
-------------------------+-------+-------++-------
Melee: Flail             |    61 |   167 ||   228
  Use: Potion            |       |     4 ||     4
 Stab: Invisible         |       |     1 ||     1
Armor: Robe              |    25 |    56 ||    81
Dodge: Dodged            |    24 |    67 ||    91
Block: Kite shield       |    26 |    89 ||   115
